 Dungeon Crawl Stone Soup version 0.30-a0-374-g95c0257040 (webtiles) character file.

Game seed: 15424713966695616310

11933 Shayle the Fighter (level 11, -1/80 HPs)
             Began as a Demonspawn Reaver on Nov 26, 2022.
             Was an Elder of Hepliaklqana.
             Slain by a minotaur
             ... wielding a +2 trident of flaming
              (5 damage)
             ... in a Gauntlet on Nov 27, 2022.
             The game lasted 00:31:42 (11331 turns).

Shayle the Fighter (Demonspawn Reaver)             Turns: 11331, Time: 00:31:43

Health: -1/80      AC: 14    Str: 12    XL:     11   Next: 55%
Magic:  17/17      EV: 12    Int: 18    God:    Hepliaklqana [****..]
Gold:   1723       SH:  0    Dex: 24    Spells: 13/14 levels left

rFire   . . .      SeeInvis +    g - +11 spear "Varua" {flame, Will+ Dex+5}
rCold   . . .      Faith    .    (no shield)
rNeg    . . .      Spirit   .    B - +0 leather armour {rPois}
rPois   +          Reflect  .    f - +0 helmet
rElec   .          Harm     .    p - +2 cloak
rCorr   .          Rampage  .    (no gloves)
Will    +....      NoTele   +    S - +1 pair of boots {Fly}
Stlth   ++++......               (no amulet)
HPRegen 0.33/turn                k - ring of see invisible
MPRegen 0.15/turn                n - +6 ring of dexterity

@: flying
A: reduced essence, icy blue scales 2, spiny 2, demonic magic 2
a: Renounce Religion, Recall Ancestor, Ancestor Identity, Transference, Idealise


You were in a Gauntlet.
You worshipped Hepliaklqana.
Hepliaklqana was greatly pleased with you.
You visited 2 branches of the dungeon, and saw 12 of its levels.
You also visited: Gauntlet.

You collected 1788 gold pieces.
You spent 65 gold pieces at shops.

Inventory:

Hand Weapons
 a - a +1 hand axe of venom
 g - the +11 spear "Varua" (weapon) {flame, Will+ Dex+5}
   (You found it on level 5 of the Dungeon)

   It burns those it strikes, dealing additional fire damage.
   Dex:       It affects your dexterity (+5).
   Will:      It increases your willpower.
 o - the +6 trident of the Shrinking Gods {vorpal, rF- rC+ Will+}
   (You took it off a goblin on level 3 of the Dungeon)

   It inflicts extra damage upon your enemies.
   rF:        It makes you vulnerable to fire.
   rC:        It protects you from cold.
   Will:      It increases your willpower.
 v - the +11 hammer of the Bruised Beasts {pain, Contam rElec rF+++ rC-}
   (You found it on level 2 of the Dungeon)

   In the hands of one skilled in necromantic magic, it inflicts extra damage on
   living creatures.
   rF:        It renders you almost immune to fire.
   rC:        It makes you vulnerable to cold.
   rElec:     It insulates you from electricity.
   Contam:    It causes magical contamination when unequipped.
 J - a +1 vampiric war axe
 T - a +2 battleaxe of electrocution
Missiles
 l - 2 atropa-tipped darts (quivered)
 I - a curare-tipped dart
 M - a throwing net
 R - 2 datura-tipped darts
Armour
 f - a +0 helmet (worn)
 p - a +2 cloak (worn)
 t - a +1 pair of boots
 B - a +0 leather armour of poison resistance (worn)
 Q - a +1 robe of cold resistance
 S - a +1 pair of boots of flying (worn)
Jewellery
 k - a ring of see invisible (left hand)
 n - a +6 ring of dexterity (right hand)
 u - a ring of magical power
 E - a ring of resist corrosion
 G - an amulet of guardian spirit
 O - a +6 ring of dexterity
Wands
 h - a wand of polymorph (14)
 A - a wand of flame (9)
 P - a wand of iceblast (4)
Scrolls
 b - 3 scrolls of fog
 d - 6 scrolls of teleportation
 j - 2 scrolls of vulnerability
 q - 2 scrolls of fear
 x - 2 scrolls of blinking
 y - a scroll of brand weapon
 z - 3 scrolls of immolation
 C - a scroll of poison
 D - 2 scrolls of silence
Potions
 e - 4 potions of might
 i - 2 potions of berserk rage {unknown}
 m - 2 potions of mutation
 r - a potion of attraction {unknown}
 s - 2 potions of ambrosia
 F - a potion of magic {unknown}
 H - a potion of degeneration
 K - a potion of resistance {unknown}
 L - a potion of lignification
 N - 2 potions of brilliance {unknown}


   Skills:
 + Level 9.5 Fighting
 - Level 2.6 Axes
 + Level 8.4 Armour
 - Level 1.7 Dodging
 + Level 9.2 Stealth
 - Level 2.0 Spellcasting
 - Level 3.0 Conjurations
 + Level 6.5 Hexes
 + Level 8.9 Invocations


You had 13 spell levels left.
You knew the following spells:

 Your Spells              Type           Power      Damage    Failure   Level
a - Kiss of Death         Conj/Necr      28%        2d7       12%         1

Your spell library contained the following spells:

 Spells                   Type           Power      Damage    Failure   Level
 Dazzling Flash           Conj/Hex       38%        N/A       10%         3
 Momentum Strike          Conj/Tloc      14%        3d8       19%         2
 Cigotuvi's Dreadful Rot  Necr/Pois/Air  2%         N/A       32%         2
 Poisonous Vapours        Pois/Air       2%         N/A       32%         2
 Hailstorm                Conj/Ice       7%         3d4       34%         3
 Mephitic Cloud           Conj/Pois/Air  5%         N/A       41%         3
 Iskenderun's Mystic Bla  Conj/Tloc      7%         2d4       75%         4
 Starburst                Conj/Fire      3%         6d3       100%        6


Dungeon Overview and Level Annotations

Branches:
Dungeon (11/15)            Temple (1/1) D:7            Lair (0/5) D:11
Gauntlet (1/1)
    Orc: D:9-12

Altars:
Ashenzari
Cheibriados
Dithmenos
Gozag
Hepliaklqana
Kikubaaqudgha
Makhleb
Nemelex Xobeh
Trog
Vehumet
Wu Jian
Xom
Yredelemnul

Shops:
D:3 ?

Annotations:
Gauntlet 5 transporters


Innate Abilities, Weirdness & Mutations

Your life essence is reduced to manifest your ancestor. (-10% HP)
You are mostly covered in icy blue scales. (AC +3)
You are mostly covered in sharp spines.
Spells you cast may paralyse nearby enemies.


Message History

Press: ? - help, Shift-Dir - straight line, f/p - minotaur
Aim: a minotaur, wielding a +2 trident of flaming, wearing a +0 chain mail and quivering silver javelins (heavily wounded, lightly drained)
The mass of ice explodes!
The iceblast engulfs the minotaur!
The minotaur is heavily wounded.
The minotaur closely misses you.
Aiming: Iceblast
Press: ? - help, Shift-Dir - straight line, f/p - minotaur
Aim: a minotaur, wielding a +2 trident of flaming, wearing a +0 chain mail and quivering silver javelins (heavily wounded, lightly drained)
The mass of ice explodes!
The iceblast engulfs the minotaur.
The minotaur is heavily wounded.
The minotaur barely misses you.
Aiming: Iceblast
Press: ? - help, Shift-Dir - straight line, f/p - minotaur
Aim: a minotaur, wielding a +2 trident of flaming, wearing a +0 chain mail and quivering silver javelins (heavily wounded, lightly drained)
The mass of ice explodes!
The iceblast engulfs the minotaur!
The minotaur is severely wounded.
The minotaur hits you from afar with a +2 trident of flaming!
* * * LOW HITPOINT WARNING * * *
The minotaur burns you.
* * * LOW HITPOINT WARNING * * *
Unknown command.
Aiming: Iceblast
Press: ? - help, Shift-Dir - straight line, f/p - minotaur
Aim: a minotaur, wielding a +2 trident of flaming, wearing a +0 chain mail and quivering silver javelins (severely wounded, lightly drained)
The mass of ice explodes!
The iceblast engulfs the minotaur but does no damage.
The minotaur is severely wounded.
The minotaur throws a silver javelin.
The silver javelin pierces through you but does no damage.
The silver sears you!
* * * LOW HITPOINT WARNING * * *
Aiming: Iceblast
Press: ? - help, Shift-Dir - straight line, f/p - minotaur
Aim: a minotaur, wielding a +2 trident of flaming, wearing a +0 chain mail and quivering silver javelins (severely wounded, lightly drained)
The mass of ice explodes!
The iceblast engulfs the minotaur!
The minotaur is almost dead.
The minotaur hits you from afar with a +2 trident of flaming!
* * * LOW HITPOINT WARNING * * *
The minotaur burns you.
You die...

#.#.8.#.⌠. ###
#.#.©.#.8. #☼§
#.#.8.#... #○###
#.#.©.#... #☼#⌠
#.#.8.#.8. #.§
#...©.#.∩. #H#
#.#.8.#.8. #○####
#.#.©.#...
#@§○☼##
#.#.8.#...
####§○#
#.#.©.#.8.
#.##.###.#.8.#.⌠.
#........#...#.8.
##########...#...
#≈≈≈#... ##≈###..
## ##. ##≈.


You could see a minotaur (drained).

Vanquished Creatures
  Fannar (D:10)
  2 two-headed ogres (D:10)
  A moth of wrath (Gauntlet)
  Joseph (D:7)
  4 hornets
  2 shadows (Gauntlet)
  Sigmund (D:4)
  A wyvern (D:8)
  4 redbacks (Gauntlet)
  6 yaks
  A swamp worm (Gauntlet)
  5 water moccasins
  4 orc warriors
  An ice beast (D:5)
  A sky beast (D:7)
  3 centaurs
  4 phantoms
  2 kobold brigands (D:8)
  A necrophage (D:6)
  2 bullfrogs
  4 scorpions
  A water moccasin zombie (D:6)
  A gnoll sergeant (D:9)
  4 wights
  17 killer bees
  6 howler monkeys
  A gnoll bouda (D:7)
  A centaur zombie (D:6)
  5 orc priests
  Crazy Yiuf (D:2)
  2 hounds
  2 iguanas
  Terence (D:2)
  2 hexers
  Natasha (thrice) (D:2)
  9 orc wizards
  18 gnolls
  10 adders
  3 worms
  4 dart slugs
  33 orcs
  8 ball pythons
  2 endoplasms
  A giant cockroach (D:2)
  13 goblins
  12 hobgoblins
  2 jackals (D:3)
  22 kobolds
  2 quokkas
  7 bats
  3 frilled lizards
  6 rats
253 creatures vanquished.

Vanquished Creatures (collateral kills)
  A gargoyle (D:9)
  A troll (D:9)
  A hornet (D:8)
  2 shadows (Gauntlet)
  2 yaks (D:10)
  A swamp worm (Gauntlet)
  A kobold brigand (D:8)
  3 wights
  3 killer bees
  A howler monkey (D:8)
  A jelly (D:6)
  3 orc priests (D:10)
  An iron imp (D:8)
  An orc wizard (D:10)
  2 gnolls (D:9)
  6 orcs
  A hobgoblin (D:8)
  7 kobolds (D:8)
38 creatures vanquished.

Vanquished Creatures (others)
  2 hexers (Gauntlet)
  An ancestor (D:7)
  2 fungi (D:11)
  9 plants (D:11)
14 creatures vanquished.

Grand Total: 305 creatures vanquished

Notes
Turn   | Place    | Note
-------+----------+-------------------------------------------
     0 | D:1      | Shayle the Demonspawn Reaver began the quest for the Orb.
     0 | D:1      | Reached XP level 1. HP: 16/16 MP: 3/3
    87 | D:1      | Gained mutation: You are partially covered in sharp spines.
                  | [demonic ancestry]
    87 | D:1      | Reached XP level 2. HP: 13/22 MP: 5/5
   198 | D:1      | Reached skill level 1 in Stealth
   446 | D:1      | Reached skill level 1 in Armour
   654 | D:2      | Gained mutation: You are partially covered in icy blue
                  | scales. (AC +2) [demonic ancestry]
   654 | D:2      | Reached XP level 3. HP: 13/28 MP: 6/6
  1169 | D:2      | Gained mutation: Spells you cast may paralyse adjacent
                  | enemies. [demonic ancestry]
  1169 | D:2      | Reached XP level 4. HP: 30/35 MP: 7/7
  1297 | D:2      | Noticed Terence
  1297 | D:2      | Noticed Natasha
  1325 | D:2      | Killed Terence
  1436 | D:2      | Killed Natasha
  1589 | D:2      | Found a runed translucent door.
  1590 | D:2      | Noticed Crazy Yiuf
  1786 | D:2      | Noticed Natasha
  1815 | D:2      | Killed Natasha
  1816 | D:2      | Reached XP level 5. HP: 38/41 MP: 8/8
  1885 | D:2      | Noticed Natasha
  1894 | D:2      | Killed Natasha
  2110 | D:3      | Found an opulent altar of Gozag.
  2236 | D:3      | Found an ornate altar of the Wu Jian Council.
  2429 | D:3      | Identified the +6 trident of the Shrinking Gods {vorpal,
                  | rF- rC+ Will+}
  2502 | D:3      | Found Sumem's Magic Scroll Shoppe.
  2510 | D:3      | Bought a scroll of teleportation for 39 gold pieces
  2510 | D:3      | Bought a scroll of identify for 26 gold pieces
  2586 | D:3      | Found an ancient bone altar of Kikubaaqudgha.
  2940 | D:4      | Gained mutation: You are mostly covered in sharp spines.
                  | [demonic ancestry]
  2940 | D:4      | Reached XP level 6. HP: 48/48 MP: 9/9
  3241 | D:4      | Noticed an orc warrior
  3402 | D:2      | Killed Crazy Yiuf
  3406 | D:2      | Identified the +11 hammer of the Bruised Beasts {pain,
                  | Contam rElec rF+++ rC-}
  3483 | D:3      | Killed an orc warrior
  3605 | D:4      | Reached XP level 7. HP: 46/55 MP: 10/10
  3670 | D:4      | Noticed Sigmund
  3678 | D:4      | Killed Sigmund
  3679 | D:4      | Reached skill level 5 in Fighting
  3961 | D:5      | Entered Level 5 of the Dungeon
  4304 | D:5      | Reached skill level 5 in Stealth
  4397 | D:5      | Reached XP level 8. HP: 64/64 MP: 11/11
  4484 | D:6      | Reached skill level 5 in Armour
  4571 | D:5      | Identified a scroll of acquirement
  4571 | D:5      | Acquired 1142 gold pieces
  4624 | D:5      | Identified the +11 spear "Varua" {flame, Will+ Dex+5}
  4737 | D:5      | Found a hazy altar of Hepliaklqana.
  4737 | D:5      | Found a radiant altar of Vehumet.
  4767 | D:5      | Became a worshipper of Hepliaklqana the Forgotten
  4891 | D:5      | Reached skill level 1 in Invocations
  5423 | D:6      | Reached skill level 1 in Hexes
  5572 | D:7      | Found a staircase to the Ecumenical Temple.
  5577 | Temple   | Entered the Ecumenical Temple
  5616 | D:7      | Gained mutation: You are mostly covered in icy blue scales.
                  | (AC +3) [demonic ancestry]
  5616 | D:7      | Reached XP level 9. HP: 70/71 MP: 12/12
  6014 | D:6      | Found a basalt altar of Yredelemnul.
  6232 | D:6      | Reached * piety under Hepliaklqana
  6463 | D:7      | Noticed Joseph
  6722 | D:7      | Killed Joseph
  7052 | D:7      | Found a burning altar of Makhleb.
  7498 | D:7      | Reached ** piety under Hepliaklqana
  7556 | D:7      | Reached skill level 5 in Invocations
  7638 | D:8      | Remembered your ancestor Aula as a hexer
  7826 | D:8      | Gained mutation: Spells you cast may paralyse nearby
                  | enemies. [demonic ancestry]
  7826 | D:8      | Reached XP level 10. HP: 72/72 MP: 14/14
  8383 | D:8      | Found a snail-covered altar of Cheibriados.
  8556 | D:9      | Noticed a gargoyle
  8561 | D:9      | Killed a gargoyle
  8626 | D:9      | Reached *** piety under Hepliaklqana
  8626 | D:9      | Found a bloodstained altar of Trog.
  9027 | D:9      | Reached skill level 5 in Hexes
  9486 | D:10     | Entered Level 10 of the Dungeon
  9486 | D:10     | Noticed Fannar
  9492 | D:10     | Killed Fannar
  9634 | D:10     | Reached XP level 11. HP: 61/78 MP: 16/16
  9921 | D:10     | Noticed a two-headed ogre
  9929 | D:10     | Killed a two-headed ogre
 10112 | D:10     | Reached **** piety under Hepliaklqana
 10132 | D:10     | Noticed a two-headed ogre
 10142 | D:10     | Killed a two-headed ogre
 10537 | D:11     | Found a staircase to the Lair.
 10538 | D:11     | Found a gate leading to a gauntlet.
 10545 | Gauntlet | Entered a Gauntlet
 10545 | Gauntlet | Found a transporter.
 10711 | Gauntlet | Found a transporter.
 10712 | Gauntlet | Found a transporter.
 10717 | Gauntlet | Found a transporter.
 10722 | Gauntlet | Found a transporter.
 10726 | Gauntlet | Found a transporter.
 10731 | Gauntlet | Found a transporter.
 10737 | Gauntlet | Found a transporter.
 10740 | Gauntlet | Found a transporter.
 10745 | Gauntlet | Found a transporter.
 10753 | Gauntlet | Found a transporter.
 10754 | Gauntlet | Found a transporter.
 10758 | Gauntlet | Noticed a death drake
 10762 | Gauntlet | Found a transporter.
 10784 | Gauntlet | Found a transporter.
 11314 | Gauntlet | Noticed a minotaur
 11331 | Gauntlet | HP: 4/80 [minotaur/+2 trident of flaming (13)]
 11331 | Gauntlet | Slain by a minotaur

Illustrated notes

Levels and vault maps discovered:
D:1:      lightli_arrival_quake, layout_rooms
D:2:      layout_basic, uniq_crazy_yiuf_cottage, uniq_terence, uniq_natasha
D:3:      minmay_inner_zag, layout_loops_cross, good_gods_temple_1,
          nzn_wu_jian_contemplation, grunt_gozag_breadcrumbs,
          general_overflow_altar, serial_shops, nicolae_shop_trees
D:4:      layout_basic, uniq_sigmund
D:5:      layout_basic, nicolae_overflow_two_pavilions, st_stairs_11
D:6:      layout_basic, lemuel_zombie_altar_yredelemnul, serial_rivers,
          chequers_serial_rivers_room_b, chequers_serial_rivers_room_b,
          chequers_serial_rivers_micro_b, chequers_serial_rivers_large_b,
          chequers_serial_rivers_small_b, chequers_serial_rivers_room_a,
          palyth_stone_intersect, grunt_decor_one_mirror
D:7:      layout_cave_pods, bloody_makhleb, temple_doors_e, uniq_joseph
D:8:      corexii_shantytown, layout_basic, slow_altar_2
D:9:      layout_stronghold, mainiacjoe_overflow_tiny_flanked,
          minmay_door_square
D:10:     layout_irregular_city, serial_glass, glass_columns_b, glass_columns_b,
          feat_on_display, minmay_strange_pillars, feat_on_display,
          david_defended_altar_orc, uniq_fannar
D:11:     layout_roguey, minmay_lair_entry_grove, gauntlet_entry_generic,
          eino_small_chamber_without_monster, lightli_wizard_tower
Temple:   nicolae_temple_ecumenical_triangle
Gauntlet: gammafunk_gauntlet_77_escape_option [minmay_gauntlet_arena_77_box,
          minmay_gauntlet_arena_77_hold_the_fort,
          minmay_gauntlet_arena_77_checkered,
          minmay_gauntlet_arena_77_double_cross,
          minmay_gauntlet_arena_77_two_lines, dreamdust_gauntlet_exit_labyrinth]

Skill      XL: |  1  2  3  4  5  6  7  8  9 10 11 |
---------------+----------------------------------+-----
Stealth        | 1 2 3 4 5 6 7 8 9 |  9.2
Armour         | 1 2 3 4 5 6 7 8 |  8.4
Fighting       | 3 4 5 6 7 8 9 |  9.5
Invocations    | 2 5 7 8 |  8.9
Hexes          | 1 3 5 6 |  6.5
Axes           | |  2.6
Dodging        | |  1.7
Spellcasting   | |  2.0
Conjurations   | |  3.0

Action                   |  1- 3 |  4- 6 |  7- 9 | 10-12 || total
-------------------------+-------+-------+-------+-------++-------
Melee: Hand axe          |    81 |    59 |       |       ||   140
       Trident           |       |    54 |    56 |       ||   110
       Punch             |       |     1 |     2 |     2 ||     5
       Spear             |       |       |   128 |   201 ||   329
Throw: Dart              |       |     4 |       |       ||     4
 Cast: Kiss of Death     |       |     1 |       |       ||     1
Invok: Ancestor Life: He |       |       |     1 |       ||     1
       Recall Ancestor   |       |       |       |     1 ||     1
Evoke: Wand              |       |       |       |     7 ||     7
  Use: Potion            |       |     1 |     1 |     7 ||     9
       Scroll            |       |     8 |     8 |     7 ||    23
 Stab: Sleeping          |     3 |     5 |     4 |     5 ||    17
       Distracted        |       |       |     3 |     5 ||     8
       Confused          |       |       |       |     7 ||     7
Armor: Leather armour    |    19 |    38 |    83 |    70 ||   210
Dodge: Dodged            |    41 |    52 |   133 |   105 ||   331

Table legend: (Time is in decaauts)
 A = Elapsed time spent in this place.
 B = Non-inter-level travel time spent in this place.
 C = Inter-level travel time spent in this place.
 D = Time resting spent in this place.
 E = Time spent auto-exploring this place.
 F = Levels seen in this place.
 G = Mean time per level.
                   A        B        C        D        E       F      G
               +--------+--------+--------+--------+--------+-----+--------+
         Total |  11450 |  10990 |    460 |   1611 |   6790 |  13 |  880.8 |
       Dungeon |  10660 |  10200 |    460 |   1143 |   6790 |  11 |  969.1 |
        Temple |      1 |      1 |      0 |      0 |      0 |   1 |    1.0 |
      Gauntlet |    787 |    787 |      0 |    468 |      0 |   1 |  787.0 |
               +--------+--------+--------+--------+--------+-----+--------+

Top non-repeatable levels by time:
     D:2: 1663 daAuts
     D:6: 1578 daAuts
     D:3: 1105 daAuts
     D:7: 1074 daAuts
     D:4: 988 daAuts
     D:9: 981 daAuts
    D:10: 933 daAuts
     D:8: 851 daAuts
     D:5: 825 daAuts
Gauntlet: 787 daAuts
     D:1: 532 daAuts
    D:11: 127 daAuts
  Temple: 1 daAuts
